 Dungeon Crawl Stone Soup version 0.25-a0-420-g1cc7eeb0d1 (webtiles) character file.

Game seed: 16887022934718053546, levelgen mode: deterministic

4020 MrRokkomies the Slinger (level 10, -4/47 HPs)
             Began as a Spriggan Abyssal Knight on Jan 19, 2020.
             Was an Elder of Lugonu.
             Slain by a hornet (16 damage)
             ... while paralysed by a hornet
             ... on level 8 of the Dungeon.
             The game lasted 00:15:41 (9145 turns).

MrRokkomies the Slinger (Spriggan Abyssal Knight)   Turns: 9145, Time: 00:15:42

Health: -4/47      AC:  4    Str: 10    XL:     10   Next: 3%
Magic:  15/15      EV:  4    Int: 15    God:    Lugonu [****..]
Gold:   536        SH:  0    Dex: 16    Spells: 4/9 levels left

rFire    . . .     SeeInvis +   a - +1 short sword (freeze)
rCold    + . .     Gourm    .   (shield restricted)
rNeg     . . .     Faith    +   u - +0 robe {MR+}
rPois    .         Spirit   .   (helmet restricted)
rElec    .         Reflect  .   k - +1 cloak
rCorr    .         Harm     .   (gloves unavailable)
MR       ++...                  (boots unavailable)
Stlth    +.........             d - amulet of faith
HPRegen  0.15/turn              n - ring of protection from cold
MPRegen  0.14/turn              (no ring)

@: paralysed, lethally poisoned (-4 -> -14), slowed, very quick
A: very small, unfitting armour, see invisible, herbivore, speed 3, slow
metabolism 2
a: Depart the Abyss, Bend Space, Banish, Corrupt, Renounce Religion


You were on level 8 of the Dungeon.
You worshipped Lugonu.
Lugonu was greatly pleased with you.
You were not hungry.

You visited 1 branch of the dungeon, and saw 8 of its levels.
You visited the Abyss 1 time.

You collected 536 gold pieces.

Inventory:

Hand Weapons
 a - a +1 short sword of freezing (weapon)
 b - a +3 hunting sling of freezing
 r - a +0 fustibalus
Missiles
 e - 40 poisoned darts
 g - 196 stones (quivered)
 m - 82 sling bullets
Armour
 k - a +1 cloak (worn)
 u - a +0 robe of magic resistance (worn)
Jewellery
 d - an amulet of faith (around neck)
 n - a ring of protection from cold (left hand)
Wands
 v - a wand of flame (12)
 w - a wand of iceblast (9)
 B - a wand of random effects (12)
 E - a wand of digging (4)
Scrolls
 f - 2 scrolls of enchant weapon
 h - 6 scrolls of identify
 j - 3 scrolls of immolation
 y - 3 scrolls of remove curse
 A - 2 scrolls of amnesia
 D - 2 scrolls of teleportation
 F - a scroll of enchant armour
Potions
 l - a potion of brilliance
 o - 4 potions of curing
 p - a potion of might
 q - a potion of haste
 s - 2 potions of heal wounds
 t - a potion of resistance
 x - 2 potions of lignification
 z - a potion of flight
 C - a potion of ambrosia {unknown}
Comestibles
 c - 11 rations


   Skills:
 - Level 2.4 Fighting
 * Level 9.5 Short Blades
 * Level 9.9 Slings
 + Level 9.1 Dodging
 + Level 6.1 Invocations


You had 4 spell levels left.
You knew the following spells:

 Your Spells              Type           Power        Failure   Level  Hunger
a - Blink                 Tloc           N/A          38%         2    ###....
b - Gell's Gravitas       Tloc           #.........   63%         3    ####...

Your spell library contained the following spells:

 Spells                   Type           Power        Failure   Level  Hunger
 Animate Skeleton         Necr           N/A          26%         1    ##.....
 Freeze                   Ice            #...         26%         1    ##.....
 Magic Dart               Conj           #...         26%         1    ##.....
 Pain                     Necr           #...         26%         1    ##.....
 Call Imp                 Summ           #.......     38%         2    ###....
 Slow                     Hex            #.......     38%         2    ###....
 Confusing Touch          Hex            #.......     63%         3    ####...
 Conjure Flame            Conj/Fire      #.......     63%         3    ####...
 Mephitic Cloud           Conj/Pois/Air  #.......     63%         3    ####...
 Ozocubu's Armour         Chrm/Ice       #.......     63%         3    ####...
 Vampiric Draining        Necr           #.........   63%         3    ####...
 Animate Dead             Necr           N/A          95%         4    #####..
 Hailstorm                Conj/Ice       #.......     95%         4    #####..
 Petrify                  Tmut/Erth      #.......     95%         4    #####..
 Summon Ice Beast         Ice/Summ       #.......     95%         4    #####..
 Agony                    Necr           #.......     100%        5    ######.
 Metabolic Englaciation   Hex/Ice        #.........   100%        5    ######.
 Yara's Violent Unravell  Hex/Tmut       #.........   100%        5    ######.


Dungeon Overview and Level Annotations

Branches:
Dungeon (8/15)             Temple (0/1) D:6
   Lair: D:8-11

Altars:
Gozag
Ru
Sif Muna
Uskayaw
Zin

Shops:
D:4 =   D:5 %   D:6 *


Innate Abilities, Weirdness & Mutations

You are very small and have problems with some larger weapons.
You are too small for most types of armour.
You have supernaturally acute eyesight. (SInv)
You are a herbivore.
You cover ground extremely quickly.
You need to consume almost no food.


Message History

The hornet is lightly wounded.
The hornet misses you.
Fire/throw which item? (* to show all) (? for menu, Esc to quit)
Throwing (i - inventory. (/) - cycle)
g - 196 stones (quivered)
Press: ? - help, Shift-Dir - straight line, f/p - hornet
Aim: a hornet (lightly wounded, very poisoned)
You throw a poisoned dart. The poisoned dart misses the hornet.
The hornet completely misses you.
Fire/throw which item? (* to show all) (? for menu, Esc to quit)
Throwing (i - inventory. (/) - cycle)
g - 196 stones (quivered)
Press: ? - help, Shift-Dir - straight line, f/p - hornet
Aim: a hornet (moderately wounded, very poisoned)
You throw a poisoned dart.
The poisoned dart barely misses the hornet.
The hornet stings you!
You suddenly lose the ability to move!
The hornet stings you!
* * * LOW HITPOINT WARNING * * *
You are poisoned.
You feel yourself slow down. The hornet stings you!
You die...

###.............#
.###.###....####. .....#
#....#### #
.###.###........ .# ##
##...#......# .##
######.##.#.##.# .(.#
.....#.##.#.##.###...###
####.#....#....#.y.....#
....>).#######..@....(..
####.#....#....#.......#
#.#.##.#.######...###
#.#.##.#.# ..(#
####.#.##...# ###
.......###.## ####...#
#.# ####...# #.#
.......###.# ..##.#


You could see a hornet.

Vanquished Creatures
  Pikel (D:5)
  Joseph (D:8)
  2 yaks (D:7)
  A hungry ghost (D:8)
  A human (D:7)
  2 hogs (D:7)
  2 orc warriors (D:8)
  A sky beast (D:7)
  An ice beast (D:6)
  A slave (D:5)
  4 ogres
  3 centaurs
  7 bullfrogs
  Blork the orc (D:4)
  A wyvern zombie (D:8)
  4 howler monkeys
  A bullfrog zombie (D:8)
  A crimson imp (D:5)
  A quasit (D:6)
  Crazy Yiuf (D:5)
  A gnoll shaman (D:4)
  3 orc priests (D:8)
  A hound (D:7)
  A bullfrog skeleton (D:8)
  2 iguanas
  6 worker ants
  2 orc wizards
  A worker ant zombie (D:5)
  3 gnolls (D:4)
  8 adders
  A shadow imp (D:8)
  2 adder skeletons
  2 worms (D:2)
  A dart slug (D:1)
  3 leopard geckos
  14 orcs
  3 giant cockroaches
  6 goblins
  2 hobgoblins
  15 jackals
  6 kobolds
  2 quokkas
  5 bats
  4 frilled lizards
  A jackal skeleton (D:5)
  A leopard gecko zombie (D:7)
  3 rats
136 creatures vanquished.

Vanquished Creatures (others)
  A jelly (D:5)
  An orc priest (D:5)
  An orc wizard (D:5)
  An orc (D:5)
4 creatures vanquished.

Grand Total: 140 creatures vanquished

Notes
Turn   | Place    | Note
-------+----------+-------------------------------------------
     0 | Abyss:1  | MrRokkomies the Spriggan Abyssal Knight began the quest for
                  | the Orb.
     0 | Abyss:1  | Reached XP level 1. HP: 11/11 MP: 3/3
    58 | Abyss:1  | Noticed a rakshasa
   103 | Abyss:2  | Noticed an orange demon
   166 | Abyss:2  | Noticed a soul eater
   179 | Abyss:2  | Noticed a large abomination
   196 | Abyss:2  | Noticed a small abomination
   204 | Abyss:2  | Noticed a glowing orange brain
   223 | Abyss:2  | Noticed a starcursed mass
   226 | Abyss:2  | Noticed a wretched star
   244 | D:1      | Escaped the Abyss
   697 | D:1      | Reached skill level 1 in Slings
   699 | D:1      | Reached XP level 2. HP: 10/16 MP: 4/4
  1052 | D:1      | Reached * piety under Lugonu
  1240 | D:2      | Found a hide-covered altar of Uskayaw.
  1240 | D:2      | Found a shimmering blue altar of Sif Muna.
  1240 | D:2      | Found a sacrificial altar of Ru.
  1240 | D:2      | Noticed an ogre
  1538 | D:2      | Reached XP level 3. HP: 16/19 MP: 5/5
  2320 | D:2      | Killed an ogre
  2320 | D:2      | Reached XP level 4. HP: 23/23 MP: 6/6
  2320 | D:2      | Reached XP level 5. HP: 27/27 MP: 7/7
  2885 | D:3      | Reached ** piety under Lugonu
  3092 | D:3      | Learned a level 2 spell: Blink
  3795 | D:4      | Got a crude mace
  3796 | D:4      | Identified the +3 mace of Punicsuji {flame, Fragile rC+++
                  | Int+5} (You found it on level 4 of the Dungeon)
  4071 | D:4      | Noticed an ogre
  4095 | D:4      | Killed an ogre
  4095 | D:4      | Reached skill level 5 in Dodging
  4095 | D:4      | Reached XP level 6. HP: 32/32 MP: 9/9
  4120 | D:4      | Found Haufac's Jewellery Shop.
  4122 | D:4      | HP: 1/32 [centaur/arrow (6)]
  4464 | D:4      | Reached skill level 5 in Short Blades
  4497 | D:4      | Noticed Blork the orc
  4514 | D:4      | Killed Blork the orc
  4514 | D:4      | Reached XP level 7. HP: 28/35 MP: 10/10
  4885 | D:5      | Entered Level 5 of the Dungeon
  4900 | D:5      | Reached skill level 5 in Slings
  4914 | D:5      | Found Xocvedda's Food Shoppe.
  5080 | D:5      | Learned a level 3 spell: Gell's Gravitas
  5429 | D:5      | Noticed Pikel
  5459 | D:5      | Killed Pikel
  5459 | D:5      | Reached XP level 8. HP: 34/39 MP: 10/12
  5736 | D:5      | Found a runed translucent door.
  5737 | D:5      | Noticed Crazy Yiuf
  5781 | D:5      | Killed Crazy Yiuf
  6854 | D:6      | Found an opulent altar of Gozag.
  6921 | D:6      | Reached *** piety under Lugonu
  7082 | D:6      | Found Moesonli's Assorted Antiques.
  7146 | D:6      | Found a staircase to the Ecumenical Temple.
  7371 | D:6      | Found a shimmering blue altar of Sif Muna.
  7662 | D:7      | Reached skill level 5 in Invocations
  7662 | D:7      | Reached XP level 9. HP: 43/43 MP: 13/13
  8430 | D:8      | Found a glowing silver altar of Zin.
  8551 | D:8      | Reached **** piety under Lugonu
  8763 | D:8      | Noticed Joseph
  8781 | D:8      | Killed Joseph
  9060 | D:8      | Reached XP level 10. HP: 32/47 MP: 15/15
  9144 | D:8      | Paralysed by a hornet for 1 turns
  9145 | D:8      | Slain by a hornet

Levels and vault maps discovered:
D:1:      ncdulo_watergridlock, layout_loops_ring
D:2:      layout_loops_cross, chequers_temple_overflow_statue_of_worship,
          first_ration
D:3:      layout_basic, solitary_fountain
D:4:      layout_cave_pods, serial_shops, shop, uniq_blork_the_orc
D:5:      layout_basic, serial_shops, shop, uniq_pikel, uniq_crazy_yiuf_cottage
D:6:      minmay_cornered_nines, layout_loops_ring,
          minmay_temple_entry_statues_fountains, serial_shops,
          nicolae_shop_behind_doors, basic_altar, lemuel_blue_sif_altar
D:7:      layout_basic, grunt_livestock
D:8:      layout_loops_ring, overflow_temple_1_default, serial_shops, shop,
          uniq_joseph

Skill      XL: |  1  2  3  4  5  6  7  8  9 |
---------------+----------------------------+-----
Slings         | 1 3 4 6 8 9 |  9.9
Invocations    | 2 3 4 5 6 |  6.1
Short Blades   | 3 4 5 6 7 9 |  9.5
Dodging        | 4 5 6 7 9 |  9.1
Fighting       | |  2.4

Action                   |  1- 3 |  4- 6 |  7- 9 | 10-12 || total
-------------------------+-------+-------+-------+-------++-------
Melee: Short sword       |    40 |     2 |    16 |    15 ||    73
       Mace              |       |    11 |       |       ||    11
 Fire: Fustibalus        |    11 |       |       |       ||    11
       Hunting sling     |    69 |    91 |   381 |     6 ||   547
Throw: Dart              |       |       |       |     4 ||     4
Invok: Depart the Abyss  |     1 |       |       |       ||     1
Evoke: Wand              |       |     6 |     2 |       ||     8
  Use: Potion            |     3 |     1 |       |       ||     4
       Scroll            |       |    14 |     3 |       ||    17
 Stab: Sleeping          |       |     1 |     1 |       ||     2
       Paralysed         |       |     2 |     5 |       ||     7
  Eat: Ration            |       |       |     2 |     1 ||     3
Armor: Robe              |     5 |     5 |    13 |     1 ||    24
Dodge: Dodged            |    58 |    32 |   131 |     9 ||   230

Table legend:
 A = Non-vault XP
 B = Vault XP
 C = Vault XP percentage of total XP
 D = Non-vault monster count
 E = Vault monster count
 F = Vault count percentage of total count
                 A         B        C        D         E       F
            +---------+---------+-------+---------+---------+-------
      Total |    3331 |    2413 |  42.0 |     123 |      12 |   8.9
            +---------+---------+-------+---------+---------+-------
        D:1 |      18 |       0 |   0.0 |      10 |       0 |   0.0
        D:2 |     207 |       0 |   0.0 |      28 |       0 |   0.0
        D:3 |      67 |       0 |   0.0 |      10 |       0 |   0.0
        D:4 |     385 |      91 |  19.1 |      15 |       1 |   6.2
        D:5 |     385 |     661 |  63.2 |      13 |       2 |  13.3
        D:6 |     545 |     215 |  28.3 |      13 |       3 |  18.8
        D:7 |     552 |     986 |  64.1 |      13 |       5 |  27.8
        D:8 |    1172 |     460 |  28.2 |      21 |       1 |   4.5
            +---------+---------+-------+---------+---------+-------
